Map: 2000 Atmospheres LE

Players

DARKLORD

  • Race: Terran Terran
  • League: Gold
  • Spawn Location: 7:00

Warthog - Winner!

  • Race: Terran Terran
  • League: Silver
  • Spawn Location: 3:00

VOD

Have the link to the VOD?

Description

Time

  • Played on: Oct. 19, 2021, 8:21 p.m.
  • Length: 8:55
Show
View Real Time Build Order
Export as new Build Order

DARKLORD Terran 

Build Orders:  

Get SALT Encoding   

  12  0:12  Supply Depot  
  12  0:15  SCV  
  13  0:27  SCV  
  14  0:36  Barracks  
  14  0:42  SCV  
  15  0:54  SCV  
  16  1:06  SCV  
  17  1:19  SCV  
  18  1:28  Marine  
  18  1:31  SCV  
  20  1:40  Bunker  
  20  1:46  Marine  
  22  1:49  Orbital Command  
  21  1:55  Command Center  
  21  2:04  Marine  
  22  2:21  Marine  
  23  2:40  Refinery x2  
  23  2:49  Refinery x2  
  21  3:10  Command Center  
  21  3:26  Bunker  
  21  3:29  SCV  
  22  3:37  Command Center  
  22  3:40  Barracks Reactor  
  22  3:42  SCV  
  23  3:53  Orbital Command  
  23  3:54  SCV  
  24  4:06  SCV  
  24  4:18  SCV  
  24  4:19  Refinery  
  24  4:20  Refinery  
  24  4:22  Factory  
  25  4:24  Marine x2  
  25  4:30  SCV  
  28  4:35  Orbital Command  
  28  4:42  Marine  
  29  4:50  SCV  
  29  4:52  Orbital Command  
  30  4:54  Marine  
  31  5:00  Marine  
  31  5:01  Engineering Bay  
  32  5:08  Starport  
  32  5:23  Widow Mine  
  32  5:24  Widow Mine  
  32  5:27  Barracks Tech Lab  
  32  5:28  SCV x2  
  38  5:40  SCV  
  39  5:45  Widow Mine x2  
  42  5:53  SCV  
  42  5:55  SCV  
  42  5:56  SCV x2  
  46  6:05  SCV  
  46  6:06  Widow Mine  
  46  6:07  SCV  
  46  6:08  Supply Depot, SCV x2  
  46  6:09  Starport Reactor  
  52  6:11  Combat Shield  
  52  6:13  Terran Infantry Weapons Level 1  
  52  6:16  Marine  
  52  6:17  SCV  
  54  6:19  SCV  
  54  6:20  SCV x2  
  57  6:27  Armory  
  57  6:29  SCV  
  57  6:31  Supply Depot, SCV  
  57  6:32  SCV x2  
  61  6:34  Marine  
  62  6:48  SCV  
  62  6:49  SCV x3  
  62  6:52  Marine  
  63  6:55  Supply Depot  
  63  7:00  SCV  
  63  7:01  SCV x3  
  61  7:11  Missile Turret x2  
  61  7:12  SCV, Missile Turret  
  61  7:13  SCV x3  
  61  7:15  Missile Turret x3  
  65  7:20  Widow Mine x2  
  69  7:24  SCV  
  69  7:25  SCV x2  
  72  7:36  SCV  
  67  7:41  Widow Mine  
Show
View Real Time Build Order
Export as new Build Order

Warthog Terran - Winner!

Build Orders:  

Get SALT Encoding   

  12  0:00  SCV  
  13  0:13  SCV  
  14  0:17  Supply Depot  
  14  0:25  SCV  
  15  0:39  SCV  
  15  0:40  Barracks  
  16  0:45  Refinery  
  16  0:51  SCV  
  17  1:03  SCV  
  18  1:16  SCV  
  19  1:28  Orbital Command  
  19  1:29  Barracks Reactor  
  19  1:43  Command Center  
  19  1:52  Supply Depot  
  19  1:54  SCV  
  20  2:05  Marine x2  
  22  2:19  SCV  
  23  2:25  Bunker, Marine x2  
  25  2:33  SCV  
  26  2:42  Marine  
  26  2:43  Marine  
  28  2:45  SCV  
  29  2:57  Orbital Command  
  29  3:10  Barracks, SCV  
  29  3:11  Refinery, Marine, Barracks  
  30  3:25  Marine  
  30  3:26  SCV x2  
  33  3:29  Marine  
  33  3:30  Supply Depot  
  34  3:38  SCV x2  
  36  3:44  Marine  
  36  3:46  Marine  
  38  3:50  SCV  
  38  3:51  SCV  
  40  4:02  SCV, Barracks Tech Lab x2, Factory, Marine  
  41  4:03  SCV  
  43  4:12  Marine  
  43  4:15  SCV x2  
  46  4:18  Supply Depot  
  46  4:19  Marine  
  46  4:20  Supply Depot  
  46  4:22  Marine x2  
  49  4:27  SCV  
  49  4:28  SCV  
  49  4:29  Stimpack  
  49  4:30  Combat Shield  
  51  4:39  SCV  
  51  4:40  SCV  
  53  4:47  Marine x3  
  53  4:48  Marine  
  53  4:51  SCV  
  53  4:52  Supply Depot, SCV  
  59  4:58  Factory Reactor  
  59  4:59  Starport  
  59  5:03  SCV  
  59  5:04  SCV  
  59  5:05  Marine x2  
  59  5:06  Marauder x2  
  67  5:13  Refinery  
  67  5:14  Refinery  
  67  5:15  Engineering Bay  
  67  5:16  SCV  
  67  5:19  SCV  
  69  5:23  Marine x2  
  69  5:25  Supply Depot  
  69  5:27  Marine x2  
  73  5:28  SCV  
  73  5:55  Barracks, Factory Tech Lab  
  73  5:56  SCV x2  
  74  5:57  Marauder x2, Marine x2  
  74  5:58  Barracks  
  74  5:59  Medivac  
  74  6:00  Medivac  
  74  6:02  Supply Depot  
  84  6:04  Supply Depot  
  84  6:06  Terran Infantry Weapons Level 1  
  84  6:14  Concussive Shells  
  84  6:15  Marine x2  
  86  6:24  Siege Tank, Marauder x2  
  93  6:26  Supply Depot x2  
  93  6:33  Marine x2  
  95  7:08  Command Center x2, Marine  
  95  7:09  Marauder x2, Marine x3  
  103  7:16  Supply Depot  
  103  7:19  Supply Depot  
  103  7:26  Marine  
  104  7:30  Marauder  
  104  7:32  Marine  
  104  7:33  Marauder, Marine x2  
  111  7:44  Marine  
  111  7:50  Marine x2  
  114  7:51  Marauder  
  114  8:04  Medivac x2, Siege Tank  
Tags
 
Add a new tag
Caveats
  • Supply blocks, unpowered buildings, or Contaminate may cause inaccurate times.
  • Supply counts are checked every 10 seconds.